 Dungeon Crawl Stone Soup version 0.20.0-14-g326068f (webtiles) character file.

2874 miragecloak the Martial Artist (level 9, -2/58 HPs)
             Began as an Octopode Transmuter on June 7, 2017.
             Was a Believer of Ashenzari.
             Slain by a two-headed ogre
             ... wielding a cursed -2 great mace
              (21 damage)
             ... on level 10 of the Dungeon on June 8, 2017.
             The game lasted 00:13:57 (9786 turns).

miragecloak the Martial Artist (OpTm)               Turns: 9786, Time: 00:13:58

Health: -2/58      AC:  1    Str:  9    XL:     9   Next: 76%
Magic:  12/12      EV: 15    Int: 16    God:    Ashenzari [**....]
Gold:   137        SH:  0    Dex: 15    Spells: 8/12 levels left

rFire    . . .     SeeInvis .     - Unarmed
rCold    . . .     Gourm    +   (no shield)
rNeg     . . .     Faith    .   (helmet restricted)
rPois    .         Spirit   .   k - amulet of the gourmand (curse)
rElec    .         Reflect  .   (no ring)
rCorr    .         Harm     .   (no ring)
MR       .....     Clarity  +   (no ring) Stlth ++++......Rnd*Tele +
                                (no ring)
Regen    0.2/turn               (no ring)
MPRegen  0.2/turn               (no ring)
                                (no ring)
                                (no ring)

@: no status effects
A: almost no armour, stealthy swim, amphibious, 8 rings, constrict 8, camouflage
1, clarity, robust 1, teleportitis 1, gelatinous body 1
a: Curse Item, Scrying, Renounce Religion


You were on level 10 of the Dungeon.
You worshipped Ashenzari.
Ashenzari was pleased with you.
You were very full.

You visited 2 branches of the dungeon, and saw 11 of its levels.

You collected 249 gold pieces.
You spent 112 gold pieces at shops.

Inventory:

Missiles
 a - 126 arrows
Armour
 n - a +0 buckler
Jewellery
 k - a cursed amulet of the gourmand (around mantle)
Wands
 w - a wand of scattershot (5/9)
 A - a wand of digging (12/24)
Scrolls
 e - a scroll of identify
 g - 7 scrolls of remove curse
 h - 3 scrolls of magic mapping
 i - a scroll of blinking {unknown}
 l - a scroll of amnesia {unknown}
 m - 2 scrolls of enchant armour {unknown}
 o - 3 scrolls of enchant weapon
 q - 4 scrolls of recharging
 x - a scroll of fear {unknown}
 y - a scroll of teleportation {unknown}
 B - a scroll of silence {unknown}
Potions
 d - a potion of might
 j - a potion of brilliance
 p - a potion of haste
 r - a potion of magic {unknown}
 s - 2 potions of agility {unknown}
 u - 4 potions of curing
 v - 2 potions of lignification
 z - 2 potions of ambrosia {unknown}
Books
 b - a book of Changes

   Spells                             Type                      Level
   a - Beastly Appendage              Transmutation                1
   b - Sticks to Snakes               Transmutation                2
   c - Spider Form                    Transmutation/Poison         3
   d - Ice Form                       Ice/Transmutation            4
   e - Blade Hands                    Transmutation                5
Comestibles
 c - 7 bread rations
 f - a chunk of flesh
 t - 2 royal jellies


   Skills:
 + Level 1.2 Fighting
   Level 1.3 Short Blades
 + Level 4.3 Dodging
 - Level 4.0 Stealth
 - Level 11.0 Unarmed Combat
 - Level 2.0 Spellcasting
 - Level 4.2 Transmutations
 - Level 4.2 Poison Magic


You had 8 spell levels left.
You knew the following spells:

 Your Spells              Type           Power        Failure   Level  Hunger
a - Beastly Appendage     Tmut           ###...       3%          1    #......
b - Spider Form           Tmut/Pois      ###.......   11%         3    ###....


Dungeon Overview and Level Annotations

Branches:
Dungeon (10/15)            Temple (0/1) D:4            Lair (1/6) D:9
    Orc: D:9-12

Altars:
Ashenzari
The Shining One

Shops:
D:5 }   D:7 [   D:8 *

Annotations:
D:6 Blork the orc


Innate Abilities, Weirdness & Mutations

You cannot wear most types of armour.
You are very stealthy in the water. (Stealth+)
You are amphibious.
You can wear up to eight rings at the same time.
You can use your tentacles to constrict eight enemies at once.
Your skin changes colour to match your surroundings (Stealth+).
Your rubbery body absorbs attacks. (AC +1, EV +1)
You possess an exceptional clarity of mind.
You are robust. (+10% HP)
You are occasionally teleported next to monsters.


Message History

A two-headed ogre is nearby!
A two-headed ogre is nearby!
Your transformation is almost over.
The two-headed ogre shouts in stereo!
The two-headed ogre hits you with a great mace!
The two-headed ogre hits you with a giant club!
Found a meat ration.
There is a stone staircase leading up here.
You bite the two-headed ogre!
The two-headed ogre looks as sick as possible!
The two-headed ogre is moderately wounded.
The two-headed ogre completely misses you.
The two-headed ogre barely misses you.
You bite the two-headed ogre!
The two-headed ogre is severely wounded.
Your transformation has ended.
There is an open door here.
The two-headed ogre hits you with a great mace!!
The two-headed ogre hits you with a giant club!!
You die...

......# #.####.##.### #.# ###.#.#
#.........# #.# # #.#.##
######.#### ###.### # #....#
##'## #...... # ###..# ##...##
#.#.### # #..# ##.....## ##.#..##
#####..## ##.......## ##..#...#
........####.........####........
####.......'....@O...'...........
##[..####......(..####...##.##
##.## ##.......## ##.###.# #.#
##.....## ### #.# #.# ##...##
###.# #.# ##+## #...# #.. #.#
#.### ##. #.# #.# *.########<##
#.#


You could see a two-headed ogre.

Vanquished Creatures
  A centaur skeleton (D:10)
  Sigmund (D:2)
  A wyvern (D:9)
  A water moccasin (D:5)
  Duvessa (D:4)
  2 ice beasts (D:8)
  A sky beast (D:8)
  2 phantoms
  An ogre (D:6)
  5 bullfrogs
  Dowan (D:4)
  A scorpion (D:8)
  5 crimson imps
  2 centaur zombies
  6 hounds
  5 jellies
  2 orc priests
  3 orc wizards
  2 iguanas
  Terence (D:2)
  A worker ant (D:8)
  A killer bee zombie (D:6)
  A hound skeleton (D:4)
  A worker ant zombie (D:9)
  10 adders
  3 shadow imps
  2 oozes
  2 adder skeletons (D:4)
  5 worms
  A dart slug (D:1)
  4 leopard geckos
  14 orcs
  2 ball pythons
  7 bats
  6 giant cockroaches
  7 goblins
  6 hobgoblins
  4 jackals
  2 quokkas
  3 frilled lizards
  3 kobolds
  A quokka skeleton (D:4)
  5 rats
135 creatures vanquished.

Notes
Turn   | Place    | Note
-------+----------+-------------------------------------------
     0 | D:1      | miragecloak the Octopode Transmuter began the quest for the Orb.
     0 | D:1      | Reached XP level 1. HP: 13/13 MP: 3/3
    61 | D:1      | Reached XP level 2. HP: 11/18 MP: 3/5
   684 | D:1      | Reached XP level 3. HP: 15/23 MP: 6/6
   970 | D:2      | Found a shattered altar of Ashenzari.
   982 | D:2      | Became a worshipper of Ashenzari the Shackled
  1012 | D:2      | Reached skill level 1 in Stealth
  1025 | D:2      | Learned a level 3 spell: Spider Form
  1050 | D:2      | Noticed Sigmund
  1062 | D:2      | Killed Sigmund
  1062 | D:2      | Reached XP level 4. HP: 21/28 MP: 7/7
  1062 | D:2      | Reached XP level 5. HP: 25/33 MP: 8/8
  1297 | D:2      | Noticed Terence
  1307 | D:2      | Killed Terence
  1307 | D:2      | Reached skill level 1 in Short Blades
  1626 | D:2      | Reached XP level 6. HP: 38/38 MP: 9/9
  2541 | D:2      | Gained mutation: You are occasionally teleported next to monsters. [potion of mutation]
  2541 | D:2      | Gained mutation: You are robust. (+10% HP) [potion of mutation]
  2541 | D:2      | Gained mutation: You possess an exceptional clarity of mind. [potion of mutation]
  2558 | D:2      | Reached skill level 4 in Unarmed Combat
  3194 | D:3      | Upgraded the game from 0.20.0-10-g0535bb4 to 0.20.0-14-g326068f
  3327 | D:4      | Noticed a phantom
  3412 | D:4      | Killed a phantom
  3412 | D:4      | Reached skill level 5 in Unarmed Combat
  3412 | D:4      | Reached XP level 7. HP: 11/47 MP: 8/10
  3706 | D:4      | Found a staircase to the Ecumenical Temple.
  4052 | D:4      | Noticed Duvessa
  4053 | D:4      | Noticed Dowan
  4092 | D:4      | Killed Duvessa
  4092 | D:4      | Reached skill level 6 in Unarmed Combat
  4100 | D:4      | Killed Dowan
  4409 | D:5      | Entered Level 5 of the Dungeon
  4414 | D:5      | Reached * piety under Ashenzari
  4446 | D:5      | Found Miputs's Gadget Shoppe.
  4534 | D:5      | Reached skill level 7 in Unarmed Combat
  5022 | D:5      | Reached XP level 8. HP: 21/52 MP: 7/11
  5781 | D:6      | Reached skill level 8 in Unarmed Combat
  6392 | D:6      | Reached skill level 9 in Unarmed Combat
  6445 | D:6      | Noticed Blork the orc
  6969 | D:7      | Reached ** piety under Ashenzari
  7099 | D:7      | Found Wofijoing's Armour Shoppe.
  7232 | D:7      | Found a glowing golden altar of the Shining One.
  7821 | D:8      | Noticed a two-headed ogre
  7875 | D:8      | Reached XP level 9. HP: 31/58 MP: 9/12
  8220 | D:8      | Found Vatham Jix's General Store.
  8223 | D:8      | Bought 2 potions of curing for 84 gold pieces
  8223 | D:8      | Bought a scroll of identify for 28 gold pieces
  8252 | D:8      | Reached skill level 10 in Unarmed Combat
  8859 | D:8      | Noticed a two-headed ogre
  9022 | D:9      | Found a staircase to the Lair.
  9052 | Lair:1   | Entered Level 1 of the Lair of Beasts
  9182 | D:9      | Reached skill level 11 in Unarmed Combat
  9230 | D:10     | Entered Level 10 of the Dungeon
  9756 | D:10     | Noticed a two-headed ogre
  9786 | D:10     | Slain by a two-headed ogre

Skill      XL: |  1  2  3  4  5  6  7  8  9 |
---------------+----------------------------+-----
Transmutations | 3 4 |  4.2
Stealth        | 1 3 4 |  4.0
Poison Magic   | 4 |  4.2
Short Blades   | 1 |  1.3
Unarmed Combat | 5 7 9 11 | 11.0
Dodging        | 4 |  4.3
Fighting       | |  1.2
Spellcasting   | |  2.0

Action                   |  1- 3 |  4- 6 |  7- 9 || total
-------------------------+-------+-------+-------++-------
Melee: Unarmed           |    15 |   144 |   277 ||   436
       Constrict         |    12 |     4 |     6 ||    22
       Tentacles         |     8 |     6 |     9 ||    23
       Kick              |     1 |       |       ||     1
       Dagger            |    46 |    11 |       ||    57
       Punch             |     3 |       |       ||     3
 Cast: Beastly Appendage |     3 |     1 |       ||     4
       Spider Form       |       |    28 |    56 ||    84
Invok: Curse Item        |       |       |     1 ||     1
  Use: Potion            |       |     4 |     4 ||     8
       Scroll            |       |     1 |     5 ||     6
 Stab: Sleeping          |     7 |     6 |     5 ||    18
  Eat: Chunk             |       |    11 |    33 ||    44
       Bread ration      |       |       |     1 ||     1
Armor: Skin              |     5 |    14 |     8 ||    27
Dodge: Dodged            |    32 |   144 |   189 ||   365
